 Seeded DCSS version 0.29-a0-617-g7a6b98fccd (webtiles) character file.

Game seed: 7397354123831820525 (custom seed)

126 wilfster70 the Chopper (level 5, -4/46 HPs)
             Began as a Hill Orc Fighter on June 18, 2022.
             Slain by an ogre
             ... wielding a +0 giant spiked club
              (14 damage)
             ... on level 4 of the Dungeon.
             The game lasted 00:05:29 (2104 turns).

wilfster70 the Chopper (Hill Orc Fighter)           Turns: 2104, Time: 00:05:30

Health: -4/46      AC:  9    Str: 21    XL:     5   Next: 9%
Magic:  5/5        EV:  7    Int:  8    God:
Gold:   201        SH:  4    Dex: 10    Spells: 4/4 levels left

rFire   . . .      SeeInvis .   a - +0 war axe
rCold   . . .      Faith    .   c - +0 buckler
rNeg    . . .      Spirit   .   n - +0 chain mail
rPois   .          Reflect  .   (no helmet)
rElec   .          Harm     .   (no cloak)
rCorr   .          Rampage  .   (no gloves)
Will    .....                   (no boots)
Stlth   ..........              (no amulet)
HPRegen 0.15/turn               (no ring)
MPRegen 0.09/turn               (no ring)

@: no status effects
A: no striking features
a: no special abilities


You were on level 4 of the Dungeon.
You visited 1 branch of the dungeon, and saw 4 of its levels.

You collected 201 gold pieces.

Inventory:

Hand Weapons
 a - a +0 war axe (weapon)
 j - a +0 trident
Armour
 b - a +0 scale mail
 c - a +0 buckler (worn)
 m - the +1 scale mail of Pessimism {Will- Regen+ rCorr SInv}
   (You took it off a goblin on level 2 of the Dungeon)

   SInv:      It lets you see invisible.
   Regen:     It increases your rate of health regeneration.
   rCorr:     It protects you from acid and corrosion.
   Will:      It decreases your willpower.
 n - a +0 chain mail (worn)
Wands
 k - a wand of flame (14)
Scrolls
 f - a scroll of magic mapping {unknown}
 g - 3 scrolls of teleportation
 i - 2 scrolls of immolation {unknown}
 l - a scroll of fear {unknown}
 p - a scroll of torment {unknown}
 q - a scroll of poison {unknown}
 r - a scroll of identify
 s - 2 scrolls of amnesia {unknown}
Potions
 d - 3 potions of might
 e - a potion of brilliance
 h - a potion of heal wounds
 o - a potion of ambrosia
 t - a potion of lignification {unknown}


   Skills:
 - Level 3.6 Fighting
 + Level 6.7 Axes
 - Level 3.3 Armour
 - Level 3.3 Shields


You had 4 spell levels left.
You didn't know any spells.
Your spell library contained the following spells:

 Spells                   Type           Power      Damage    Failure   Level
 Slow                     Hex            0%         N/A       99%         1
 Sublimation of Blood     Necr           0%         N/A       100%        2
 Wereblood                Tmut           0%         N/A       100%        2
 Confusing Touch          Hex            0%         N/A       100%        3
 Vampiric Draining        Necr           0%         2d6       100%        3
 Summon Hydra             Summ           0%         N/A       100%        7


Dungeon Overview and Level Annotations

Branches:
Dungeon (4/15)
 Temple: D:4-7

Altars:
Cheibriados
Ru
Sif Muna


Message History

The kobold hits you with a +0 short sword.
An ufetubus comes into view.
You slash the kobold!
You kill the kobold!
You block the ufetubus's attack. The ufetubus barely misses you.
The ufetubus attacks as you move away!
The ufetubus hits you but does no damage.
The ufetubus hits you. The ufetubus attacks as you move away!
The ufetubus hits you.
The ufetubus hits you but does no damage.
The ufetubus hits you.
The ufetubus hits you but does no damage.
The ogre attacks as you move away!
The ogre hits you with a +0 giant spiked club!
The ufetubus hits you but does no damage.
You block the ufetubus's attack. The ufetubus attacks as you move away!
The ufetubus barely misses you.
The ufetubus hits you but does no damage.
The ufetubus barely misses you. x2
The ufetubus attacks as you move away! You block the ufetubus's attack.
The ufetubus hits you but does no damage.
The ufetubus closely misses you.
The ufetubus hits you but does no damage. x2
You block the ufetubus's attack.
The ufetubus hits you but does no damage.
The ufetubus hits you. The ufetubus hits you. The ufetubus barely misses you.
The ufetubus attacks as you move away! The ufetubus barely misses you.
The ufetubus hits you but does no damage.
You slash the ufetubus!
You kill the ufetubus!
You barely miss the ogre. The ogre barely misses you.
You slash the ogre!
The ogre is moderately wounded.
The ogre hits you with a +0 giant spiked club!
* * * LOW HITPOINT WARNING * * *
You slash the ogre!
The ogre is severely wounded.
The ogre hits you with a +0 giant spiked club!
You die...

#)....... .... #........
.### #......## #
#####......###.# #
#...........##.#
#####g.....###.#
#......###.#
.###.######..........###
.......@Og5......)......
############.........###
###<.........
#.#.####### #####


You could see an ogre, an ufetubus and a goblin.

Vanquished Creatures
  Terence (D:3)
  3 adders (D:2)
  2 ufetubi
  3 dart slugs
  4 orcs (D:3)
  2 ball pythons
  5 endoplasms
  2 giant cockroaches
  7 goblins
  3 hobgoblins (D:3)
  2 quokkas (D:1)
  5 bats
  2 frilled lizards
  9 kobolds
  5 rats
55 creatures vanquished.

Vanquished Creatures (others)
  A withered plant (D:1)
1 creature vanquished.

Grand Total: 56 creatures vanquished

Notes
Turn   | Place    | Note
-------+----------+-------------------------------------------
     0 | D:1      | wilfster70 the Hill Orc Fighter began the quest for the
                  | Orb.
     0 | D:1      | Reached XP level 1. HP: 19/19 MP: 1/1
   128 | D:1      | Reached skill level 3 in Axes
   194 | D:1      | Reached XP level 2. HP: 27/27 MP: 2/2
   353 | D:1      | Found a faded altar of an unknown god.
   487 | D:1      | Reached skill level 4 in Axes
   676 | D:2      | Reached XP level 3. HP: 31/33 MP: 3/3
   843 | D:2      | Identified the +1 scale mail of Pessimism {Will- Regen+
                  | rCorr SInv}
  1227 | D:2      | Reached skill level 5 in Axes
  1248 | D:2      | Reached XP level 4. HP: 38/40 MP: 4/4
  1354 | D:2      | Found a sacrificial altar of Ru.
  1702 | D:3      | Reached skill level 6 in Axes
  1773 | D:3      | Noticed Terence
  1778 | D:3      | Killed Terence
  1858 | D:3      | Reached XP level 5. HP: 42/46 MP: 5/5
  1994 | D:4      | Found a shimmering blue altar of Sif Muna.
  1994 | D:4      | Found a snail-covered altar of Cheibriados.
  2086 | D:4      | Noticed an ogre
  2104 | D:4      | Slain by an ogre

Illustrated notes

Levels and vault maps discovered:
D:1:      amcnicky_arrival_abandoned_market, layout_basic,
          ebering_ecumenical_altar_petrified
D:2:      layout_loops_cross, basic_altar, minmay_tetromino_t4
D:3:      layout_rooms, uniq_terence
D:4:      layout_basic, nicolae_overflow_hidden_temple,
          gammafunk_temple_overflow_pools

Skill      XL: |  1  2  3  4 |
---------------+-------------+-----
Axes           | 3 4 5 6 |  6.7
Fighting       | |  3.6
Armour         | |  3.3
Shields        | |  3.3

Action                   |  1- 3 |  4- 6 || total
-------------------------+-------+-------++-------
Melee: War axe           |    82 |    54 ||   136
  Use: Scroll            |       |     6 ||     6
Armor: Scale mail        |    35 |       ||    35
       Chain mail        |     7 |    35 ||    42
Dodge: Dodged            |    35 |    31 ||    66
Block: Buckler           |    18 |    12 ||    30

Table legend: (Time is in decaauts)
 A = Elapsed time spent in this place.
 B = Non-inter-level travel time spent in this place.
 C = Inter-level travel time spent in this place.
 D = Time resting spent in this place.
 E = Time spent auto-exploring this place.
 F = Levels seen in this place.
 G = Mean time per level.
                   A        B        C        D        E       F      G
               +--------+--------+--------+--------+--------+-----+--------+
         Total |   2142 |   2066 |     76 |    156 |   1236 |   4 |  535.5 |
       Dungeon |   2142 |   2066 |     76 |    156 |   1236 |   4 |  535.5 |
               +--------+--------+--------+--------+--------+-----+--------+

Top non-repeatable levels by time:
     D:2: 981 daAuts
     D:1: 656 daAuts
     D:3: 387 daAuts
     D:4: 117 daAuts
